[Event "Titled Tuesday Blitz June 8 2021"]
[White "Nenezic, Marko"]
[Black "Pichot, Alan"]
[WhiteFideId "912123"]
[BlackFideId "110973"]
[WhiteElo "2438"]
[BlackElo "2622"]
[Result "1-0"]
[Round "05"]
[TimeControl "180+1"]
[Date "2021.06.08"]
[WhiteClock "0:00:15"]
[BlackClock "0:00:08"]

1. Nf3 Nf6 2. c4 e6 3. Nc3 d5 4. d4 dxc4 5. e3 a6 6. Bxc4 c5 7. a4 Nc6 8. O-O Be7 9. Qe2 O-O 10. Rd1 Qc7 11. b3 b6 12. Ba3 Na5 13. Rac1 Bb7 14. Ne5 cxd4 15. Bxe7 Qxe7 16. exd4 Rfd8 17. Rb1 Rac8 18. Na2 Nd5 19. g3 b5 20. axb5 axb5 21. Bxb5 Nf6 22. Bc4 Bd5 23. Nc3 Nc6 24. Nxd5 Nxd5 25. Bxd5 Rxd5 26. Nxc6 Rxc6 27. Rbc1 Rcd6 28. Rc8+ Rd8 29. Qc4 h5 30. h4 Rxc8 31. Qxc8+ Kh7 32. Qc2+ g6 33. Qc3 Qd7 34. Rb1 Rxd4 35. b4 Rd3 36. Qf6 Rd5 37. b5 Rf5 38. Qb2 Qb7 39. b6 Rc5 40. Qb4 Rc6 41. Qb5 Rd6 42. Qc5 Rd5 43. Qf8 Rd2 44. Qc5 Rd5 45. Qb4 Rd3 46. Qf4 Rd5 47. Qf6 Rd6 48. Qb2 Kg8 49. Qb4 Rc6 50. Qb5 Rd6 51. Qc5 Rd5 52. Qc7 Rd7 53. Qxd7 Qe4 54. Qd1 1-0


[Site "https://www.chess.com"]

[Event "Titled Tuesday Blitz June 8 2021"]
[White "Nevednichy, Vladislav"]
[Black "Ibrayev, Nurlan"]
[WhiteFideId "1205730"]
[BlackFideId "13700650"]
[WhiteElo "2374"]
[BlackElo "2366"]
[Result "1-0"]
[Round "05"]
[TimeControl "180+1"]
[Date "2021.06.08"]
[WhiteClock "0:00:08"]
[BlackClock "0:00:05"]

1. d4 Nf6 2. Nf3 e6 3. Bf4 d5 4. e3 Bd6 5. Nbd2 O-O 6. c3 c5 7. Bd3 Qc7 8. Bg5 Nbd7 9. Qc2 h6 10. Bh4 Re8 11. O-O b6 12. e4 cxd4 13. cxd4 Qxc2 14. Bxc2 dxe4 15. Nxe4 Be7 16. Nc3 Ba6 17. Rfe1 Rac8 18. Ba4 Red8 19. d5 Nc5 20. dxe6 Nxe6 21. Bb3 Bc4 22. Bxc4 Rxc4 23. Bg3 Bb4 24. Be5 Nd5 25. Nd2 Rcc8 26. Nde4 Nxc3 27. Bxc3 Bxc3 28. Nxc3 Rd2 29. Rab1 a6 30. a4 Nf4 31. Re4 Nd3 32. Rd4 Rxb2 33. Rxb2 Nxb2 34. Ne2 Rc4 35. Rxc4 Nxc4 36. Nc3 Kf8 37. Kf1 Ke7 38. Ke2 Kd6 39. Kd3 Kc5 40. f4 Nd6 41. g4 b5 42. axb5 axb5 43. h4 b4 44. Na4+ Kb5 45. Nb2 Nb7 46. Kd4 Nc5 47. Kd5 Na4 48. Nd3 b3 49. f5 1-0


[Site "https://www.chess.com"]

[Event "Titled Tuesday Blitz June 8 2021"]
[White "Nouri, Alekhine"]
[Black "Willow, Jonah B"]
[WhiteFideId "5216184"]
[BlackFideId "438804"]
[WhiteElo "1894"]
[BlackElo "2261"]
[Result "0-1"]
[Round "05"]
[TimeControl "180+1"]
[Date "2021.06.08"]
[WhiteClock "0:00:37"]
[BlackClock "0:00:18"]

1. e4 c5 2. Nc3 Nc6 3. Bb5 Nd4 4. Nf3 e6 5. Nxd4 cxd4 6. Ne2 Nf6 7. f3 Bc5 8. Ba4 O-O 9. Bb3 d5 10. d3 dxe4 11. fxe4 Ng4 12. O-O Qh4 13. Bf4 e5 14. Bg3 Qh6 15. Qc1 Ne3 16. Rf2 Be6 17. c3 dxc3 18. bxc3 Ng4 19. d4 Qxc1+ 20. Rxc1 Nxf2 21. Bxf2 Ba3 22. Rd1 Bxb3 23. axb3 Rac8 24. d5 Bc5 25. Bxc5 Rxc5 26. Ra1 a5 27. g4 h5 28. h3 hxg4 29. hxg4 g6 30. Kf2 f5 31. gxf5 gxf5 32. Ke3 f4+ 33. Kf3 Rf6 34. Rg1+ Kf8 35. Rg5 Rb6 36. b4 axb4 37. cxb4 Rxb4 38. Rxe5 Rb1 39. Rf5+ Ke8 40. Kxf4 Rf1+ 41. Ke5 Rxf5+ 42. Kxf5 b5 43. Ke5 b4 44. Nd4 Rc3 45. Nb5 Kd7 46. Kd4 Rg3 47. e5 b3 48. e6+ Ke7 49. Ke5 Re3+ 50. Kf5 b2 51. d6+ Kd8 52. Nd4 b1=Q+ 53. Kf6 Qf1+ 0-1


[Site "https://www.chess.com"]

[Event "Titled Tuesday Blitz June 8 2021"]
[White "Oparin, Grigoriy"]
[Black "Aradhya, Garg"]
[WhiteFideId "24125890"]
[BlackFideId "25006746"]
[WhiteElo "2628"]
[BlackElo "2146"]
[Result "0-1"]
[Round "05"]
[TimeControl "180+1"]
[Date "2021.06.08"]
[WhiteClock "0:00:01"]
[BlackClock "0:00:02"]

1. Nc3 d5 2. e4 d4 3. Nce2 e5 4. Ng3 c5 5. Bc4 Nc6 6. a4 Bd6 7. d3 Nge7 8. Bg5 O-O 9. Qh5 Na5 10. Bd5 Qb6 11. Bxe7 Bxe7 12. b3 Be6 13. Bxe6 Qxe6 14. Nf3 Nc6 15. h4 a6 16. Ng5 Qg6 17. Qf3 h6 18. Nh3 Bxh4 19. Nf5 Bf6 20. a5 Rfd8 21. g3 Kf8 22. Ng1 Ke8 23. Qe2 Kd7 24. Nf3 Kc7 25. Nd2 Be7 26. Nc4 Bf8 27. Nb6 Rab8 28. Qf3 Qe6 29. Nd5+ Kc8 30. Ke2 Nb4 31. Nb6+ Kc7 32. Kd1 Re8 33. Kc1 h5 34. Kb2 g6 35. Nh4 Be7 36. Ng2 Rf8 37. Qe2 f5 38. f3 fxe4 39. fxe4 Rf7 40. Raf1 Rbf8 41. Nc4 Nc6 42. Ne1 Bg5 43. Nf3 Be7 44. Rf2 Kd7 45. Rhf1 Ke8 46. Nh4 Bxh4 47. gxh4 Ke7 48. Rxf7+ Rxf7 49. Rxf7+ Qxf7 50. Qg2 Qf6 51. Qg3 Nd8 52. Nb6 Kd6 53. Nd5 Qe6 54. Qg5 Nf7 55. Qg1 Qg4 56. Qf1 Qe6 57. Qe1 Kc6 58. b4 cxb4 59. Qxb4 Qd6 60. Qb6+ Kd7 61. Qxb7+ Ke8 62. Qc8+ Nd8 63. Kc1 Qc6 64. Qb8 Qc5 65. Qxe5+ Kd7 66. Nb6+ Kc6 67. Qf6+ Kb5 68. Qxd8 Qa3+ 69. Kd2 Qxa5+ 70. Kd1 Qxb6 71. Qd5+ Qc5 72. Qb3+ Qb4 0-1


[Site "https://www.chess.com"]

[Event "Titled Tuesday Blitz June 8 2021"]
[White "Orozbaev, Eldiar"]
[Black "Derakhshani, Borna"]
[WhiteFideId "13802240"]
[BlackFideId "12518450"]
[WhiteElo "1914"]
[BlackElo "2035"]
[Result "1/2-1/2"]
[Round "05"]
[TimeControl "180+1"]
[Date "2021.06.08"]
[WhiteClock "0:00:14"]
[BlackClock "0:00:48"]

1. e4 c6 2. Nc3 d5 3. Nf3 dxe4 4. Nxe4 Nf6 5. Nxf6+ exf6 6. Bc4 Be7 7. O-O Bg4 8. h3 Bh5 9. d4 O-O 10. c3 Nd7 11. Re1 Re8 12. Bf4 Nb6 13. Bb3 Nd5 14. Bg3 f5 15. Be5 Bd6 16. Qd3 Bg6 17. Bxd6 Qxd6 18. Ne5 Rad8 19. Qf3 a5 20. Re2 Nf6 21. Rae1 Bh5 22. g4 fxg4 23. hxg4 Bg6 24. g5 Nd5 25. c4 a4 26. Bxa4 Nb4 27. d5 b5 28. Bb3 cxd5 29. cxb5 Rf8 30. a3 Be4 31. Qg3 Rde8 32. Rxe4 dxe4 33. Nxf7 Qxg3+ 34. fxg3 Rxf7 35. axb4 Kf8 36. Bxf7 Kxf7 37. Kf2 Rb8 38. Ke3 Rxb5 39. Kf4 Rxb4 40. Rxe4 Rxb2 41. Ra4 Rf2+ 42. Kg4 Re2 43. Ra7+ Re7 44. Ra6 Rc7 45. Kh5 Rb7 46. Ra5 Rc7 47. Rf5+ Kg8 48. g6 hxg6+ 49. Kxg6 Rc6+ 50. Kg5 Kh7 51. g4 Rb6 52. Re5 Rg6+ 53. Kh5 Rh6+ 54. Kg5 Rf6 55. Kh4 Kg6 56. Rg5+ Kh6 57. Rh5+ Kg6 58. Rg5+ Kf7 59. Rd5 Ra6 60. Rf5+ Rf6 61. Rb5 Rd6 62. g5 Kg6 63. Rb4 Rc6 64. Kg4 Ra6 65. Kf4 Ra5 66. Rb6+ Kh5 67. g6 Ra4+ 68. Kf5 Ra1 69. Rb4 Rf1+ 70. Rf4 Rxf4+ 71. Kxf4 Kxg6 72. Kg4 Kf6 73. Kf4 Ke7 74. Kg5 Kf7 75. Kf5 Ke7 76. Kg6 Kf8 77. Kg5 Kg8 78. Kg6 Kh8 79. Kg5 Kh7 80. Kh5 g6+ 81. Kg5 Kg7 82. Kg4 Kf6 83. Kf4 Ke6 84. Kg5 Kf7 85. Kg4 Kg7 86. Kg5 Kh7 87. Kg4 Kh6 88. Kh4 g5+ 89. Kg4 Kg6 90. Kg3 Kf5 91. Kf3 Ke5 92. Kg4 Kf6 93. Kg3 Kf5 94. Kf3 g4+ 95. Kg3 Kg5 96. Kg2 Kh4 97. Kh2 Kh5 98. Kg3 Kg5 99. Kg2 Kf6 100. Kg3 Kf5 101. Kg2 Kg5 102. Kg3 Kh5 103. Kg2 Kh4 104. Kh2 g3+ 105. Kg2 Kg4 106. Kg1 Kf5 107. Kg2 Kf4 108. Kg1 Kg4 109. Kg2 Kh4 110. Kg1 Kh3 111. Kh1 Kg4 112. Kg2 Kf4 113. Kg1 Ke3 114. Kg2 Kd3 115. Kxg3 1/2-1/2


[Site "https://www.chess.com"]

[Event "Titled Tuesday Blitz June 8 2021"]
[White "Perez Ponsa, Federico"]
[Black "Maly, Alexey"]
[WhiteFideId "117927"]
[BlackFideId "14103184"]
[WhiteElo "2672"]
[BlackElo "2285"]
[Result "1/2-1/2"]
[Round "05"]
[TimeControl "180+1"]
[Date "2021.06.08"]
[WhiteClock "0:00:13"]
[BlackClock "0:00:21"]

1. e4 c6 2. d4 d5 3. exd5 cxd5 4. Bd3 Nc6 5. c3 Qc7 6. h3 g6 7. Nf3 Bf5 8. Be2 Nf6 9. O-O Bg7 10. Na3 a6 11. Nc2 Bxc2 12. Qxc2 O-O 13. Re1 e6 14. Bd3 b5 15. a3 Rab8 16. Qe2 Rfc8 17. a4 Na5 18. axb5 axb5 19. Bxb5 Nb3 20. Ra2 Nxc1 21. Rxc1 Ne4 22. Bd3 Nd6 23. Rca1 Rb6 24. Ra7 Qd8 25. R1a6 Rxa6 26. Rxa6 Rb8 27. g3 Qc7 28. Kg2 h6 29. h4 Ne4 30. Bxe4 dxe4 31. Qxe4 Rxb2 32. Ra8+ Kh7 33. h5 Qxc3 34. hxg6+ fxg6 35. Qxe6 h5 36. Qg8+ Kh6 37. Ra7 Rxf2+ 38. Kxf2 Bxd4+ 39. Kg2 Qc2+ 40. Kh3 Qf5+ 41. Kg2 Qc2+ 42. Kh3 Qf5+ 43. Kg2 Qc2+ 1/2-1/2


[Site "https://www.chess.com"]

[Event "Titled Tuesday Blitz June 8 2021"]
[White "Popilski, Gil"]
[Black "Martin Duque, Jesus"]
[WhiteFideId "2809060"]
[BlackFideId "2208954"]
[WhiteElo "2537"]
[BlackElo "2246"]
[Result "0-1"]
[Round "05"]
[TimeControl "180+1"]
[Date "2021.06.08"]
[WhiteClock "0:00:14"]
[BlackClock "0:00:54"]

1. e4 c5 2. Nf3 e6 3. d4 cxd4 4. Nxd4 Nc6 5. Nc3 Qc7 6. Be3 a6 7. Bd3 Nf6 8. O-O b5 9. Nxc6 Qxc6 10. Bd4 Bb7 11. Qf3 Be7 12. a3 d6 13. Qg3 e5 14. Be3 O-O 15. Bh6 Ne8 16. Nd5 Bd8 17. f4 Kh8 18. fxe5 gxh6 19. e6 Bb6+ 20. Kh1 Nc7 21. exf7 Nxd5 22. exd5 Qxd5 23. Rf5 Qe6 24. Re1 Qg6 25. Qh3 Rxf7 26. Rxf7 Qxf7 27. Qxh6 Rg8 0-1


[Site "https://www.chess.com"]

[Event "Titled Tuesday Blitz June 8 2021"]
[White "Quparadze, Giga"]
[Black "Suarez Gomez, Julio"]
[WhiteFideId "13602250"]
[BlackFideId "22275991"]
[WhiteElo "2658"]
[BlackElo "2376"]
[Result "1-0"]
[Round "05"]
[TimeControl "180+1"]
[Date "2021.06.08"]
[WhiteClock "0:01:14"]
[BlackClock "0:00:26"]

1. e4 e6 2. d4 d5 3. Nd2 c5 4. Ngf3 cxd4 5. Nxd4 Nc6 6. Bb5 Bd7 7. Nxc6 bxc6 8. Bd3 Bd6 9. Qe2 Qc7 10. Nf3 Ne7 11. e5 Bc5 12. O-O Ng6 13. h4 h6 14. h5 Ne7 15. Be3 Bxe3 16. Qxe3 O-O 17. c4 Qb6 18. Qe2 Rab8 19. b3 dxc4 20. Bxc4 c5 21. Nd2 Bc6 22. Ne4 Bxe4 23. Qxe4 Rfd8 24. Rfd1 Qb4 25. g3 Nf5 26. Kg2 a5 27. a3 Qc3 28. Rac1 Qb2 29. a4 Rd4 30. Rxd4 Nxd4 31. Bd3 Qxc1 32. Qh7+ Kf8 33. Qh8+ Ke7 34. Qxb8 Qc3 35. Be4 Qxb3 36. Qc7+ Ke8 37. Qc8+ Ke7 38. Qxc5+ Ke8 39. Qxd4 Qb6 40. Qxb6 1-0


[Site "https://www.chess.com"]

[Event "Titled Tuesday Blitz June 8 2021"]
[White "Rodchenkov, Sergey D."]
[Black "Dardha, Daniel"]
[WhiteFideId "4168712"]
[BlackFideId "240990"]
[WhiteElo "2306"]
[BlackElo "2489"]
[Result "1-0"]
[Round "05"]
[TimeControl "180+1"]
[Date "2021.06.08"]
[WhiteClock "0:00:13"]
[BlackClock "0:00:02"]

1. e4 e5 2. Nf3 Qf6 3. d4 exd4 4. Qxd4 Nc6 5. Qa4 Bc5 6. Nc3 Qg6 7. Bf4 Nf6 8. O-O-O O-O 9. Bg3 d6 10. Bd3 Qh5 11. Nd5 Nxd5 12. exd5 Nb4 13. Be2 Bf5 14. Rd2 Bxc2 15. Rxc2 Nxc2 16. Qxc2 Qxd5 17. Kb1 Rfe8 18. Bd3 h6 19. Rd1 Qe6 20. Bc4 Qe4 21. Bd3 Qe6 22. Bc4 Qf6 23. h4 c6 24. h5 d5 25. Bd3 Bd6 26. Bxd6 Qxd6 27. Qd2 Re7 28. Bc2 Rae8 29. Qd3 g6 30. hxg6 Qxg6 31. Qd4 Qg7 32. Qf4 Re2 33. Nd4 Re1 34. Nf5 Rxd1+ 35. Bxd1 Qg6 36. g4 Re6 37. a3 b5 38. Bc2 Re1+ 39. Ka2 Qe6 40. Nxh6+ Kf8 41. Nf5 Qe5 42. Qh6+ Ke8 43. Qh7 Re2 44. Qg8+ Kd7 45. Qxf7+ Kd8 46. Qf8+ Kc7 47. Qc5 Kb8 48. Nd4 Re1 49. Nxc6+ Kb7 50. Nxe5 Rxe5 51. Bb3 Re1 52. Bxd5+ Ka6 53. Qc6+ Ka5 54. b4+ Ka4 55. Bb3# 1-0


[Site "https://www.chess.com"]

[Event "Titled Tuesday Blitz June 8 2021"]
[White "Rostovtsev, Dmitry"]
[Black "Buscar, Michael"]
[WhiteFideId "34278320"]
[BlackFideId "2603616"]
[WhiteElo "2143"]
[BlackElo "2010"]
[Result "1-0"]
[Round "05"]
[TimeControl "180+1"]
[Date "2021.06.08"]
[WhiteClock "0:01:01"]
[BlackClock "0:00:07"]

1. d4 d5 2. c4 e6 3. Nf3 c6 4. e3 Nf6 5. Nc3 Nbd7 6. Bd3 Be7 7. O-O O-O 8. Ne5 Nxe5 9. dxe5 Nd7 10. f4 Nc5 11. Be2 dxc4 12. Bxc4 Qxd1 13. Rxd1 b5 14. Be2 b4 15. Nb1 Ba6 16. Bxa6 Nxa6 17. Nd2 Rfd8 18. Re1 Nc5 19. Nc4 Nd3 20. Rd1 Bc5 21. Kf1 Rd5 22. Ke2 Rad8 23. Bd2 g5 24. g3 h5 25. a3 bxa3 26. bxa3 h4 27. Rab1 R8d7 28. Rb8+ Kg7 29. Rdb1 hxg3 30. hxg3 gxf4 31. gxf4 Kg6 32. Rg1+ Kf5 33. Kf3 Nxe5+ 34. fxe5 Rxd2 35. e4# 1-0


[Site "https://www.chess.com"]

[Event "Titled Tuesday Blitz June 8 2021"]
[White "Sarana, Alexey"]
[Black "Rosen, Eric"]
[WhiteFideId "24133795"]
[BlackFideId "2032562"]
[WhiteElo "2629"]
[BlackElo "2362"]
[Result "0-1"]
[Round "05"]
[TimeControl "180+1"]
[Date "2021.06.08"]
[WhiteClock "0:00:08"]
[BlackClock "0:01:19"]

1. e4 e5 2. Nf3 Nf6 3. d3 Bc5 4. Nxe5 Nc6 5. Nxc6 dxc6 6. Be2 h5 7. c3 Ng4 8. d4 Qh4 9. g3 Qf6 10. f3 h4 11. Rg1 hxg3 12. hxg3 Rh2 13. dxc5 Be6 14. Qd4 Bc4 15. Bxc4 Ne5 16. Nd2 Rxd2 17. Qxe5+ Qxe5 18. Bxd2 Qxc5 19. Bxf7+ Kxf7 20. O-O-O Rd8 21. Rde1 Qc4 22. a3 a5 23. g4 b5 24. g5 b4 25. g6+ Ke6 26. axb4 axb4 27. f4 Ra8 28. f5+ Kd7 29. Bf4 Qd3 30. b3 Ra1+ 31. Kb2 Qxc3# 0-1


[Site "https://www.chess.com"]

[Event "Titled Tuesday Blitz June 8 2021"]
[White "Saravana, Krishnan P."]
[Black "Bekturov, Tamerlan"]
[WhiteFideId "5018382"]
[BlackFideId "13710184"]
[WhiteElo "2245"]
[BlackElo "2186"]
[Result "1-0"]
[Round "05"]
[TimeControl "180+1"]
[Date "2021.06.08"]
[WhiteClock "0:00:15"]
[BlackClock "0:00:06"]

1. e4 c6 2. Nf3 d5 3. d3 dxe4 4. dxe4 Qc7 5. Bc4 e5 6. a4 Bc5 7. Ng5 Nh6 8. Qh5 O-O 9. h3 Nd7 10. Nf3 Qd6 11. Bxh6 Qxh6 12. Qxh6 gxh6 13. Ke2 Kg7 14. Nbd2 a5 15. Rhd1 Nf6 16. Nxe5 Bd4 17. Nd3 Re8 18. c3 b5 19. axb5 Bb6 20. e5 Nd7 21. Nf3 Bb7 22. Kf1 Nf8 23. Nf4 Ng6 24. Nh5+ Kf8 25. Rd7 Re7 26. Rad1 cxb5 27. Bxb5 Bxf3 28. gxf3 Nxe5 29. Nf6 Nxd7 30. Nxd7+ Rxd7 31. Rxd7 Rd8 32. Rb7 Rd6 33. Bc4 Rf6 34. Bxf7 Bc5 35. Bd5 Rb6 36. Rxb6 Bxb6 37. Ke2 Ke7 38. Be4 Kf6 39. Bxh7 Ke5 40. h4 Kf4 41. h5 Kg5 42. Bg6 Kf4 43. Be4 Kg5 44. Bg6 Kf4 45. Be8 Bc5 46. Bd7 Kg5 47. Bg4 Kf4 48. Kd3 Bxf2 49. Kc4 Be3 50. Kb5 Bc1 51. b3 Bd2 52. c4 Ke5 53. c5 Bb4 54. c6 Kd6 55. Kb6 Bc5+ 56. Kb7 1-0


[Site "https://www.chess.com"]

[Event "Titled Tuesday Blitz June 8 2021"]
[White "Sargsyan, Anna M."]
[Black "Kukhmazov, Arsen"]
[WhiteFideId "13308130"]
[BlackFideId "24108260"]
[WhiteElo "2263"]
[BlackElo "2453"]
[Result "0-1"]
[Round "05"]
[TimeControl "180+1"]
[Date "2021.06.08"]
[WhiteClock "0:00:07"]
[BlackClock "0:01:22"]

1. d4 d5 2. c4 c6 3. Nf3 Nf6 4. Nc3 dxc4 5. a4 Bf5 6. Ne5 Nbd7 7. Nxc4 Qc7 8. g3 e5 9. dxe5 Nxe5 10. Bf4 Nfd7 11. Bg2 g5 12. Bxe5 Nxe5 13. Qd4 f6 14. O-O-O Be6 15. Nxe5 Qxe5 16. Qxe5 fxe5 17. Ne4 Be7 18. Nd6+ Bxd6 19. Rxd6 Ke7 20. Rd3 Rhf8 21. f3 Bc4 22. Re3 Kf6 23. g4 h6 24. h4 Rh8 25. b3 Bd5 26. Kc2 Rad8 27. Rh2 Bf7 28. Rc3 Bg6+ 29. e4 Rh7 30. h5 Be8 31. Bf1 Rhd7 32. Rd3 Rxd3 33. Bxd3 Bf7 34. Rd2 Rd4 35. Kc3 c5 36. Bc2 Ke7 37. Rf2 Kd6 38. Rf1 Kc6 39. Ra1 b6 40. Ra3 a6 41. Ra1 Kb7 42. Rd1 b5 43. axb5 axb5 44. Rd3 Kc6 45. Rd1 b4+ 46. Kb2 Rxd1 47. Bxd1 c4 48. bxc4 Kc5 49. Kc2 Bxc4 50. Kd2 Kd4 51. Bc2 b3 52. Bb1 Bg8 53. Bd3 b2 54. Bb1 Bb3 55. Ke2 Kc3 0-1


[Site "https://www.chess.com"]

[Event "Titled Tuesday Blitz June 8 2021"]
[White "Sawlin, Leonid"]
[Black "Goryachkina, Aleksandra"]
[WhiteFideId "4689542"]
[BlackFideId "4147103"]
[WhiteElo "2412"]
[BlackElo "2441"]
[Result "0-1"]
[Round "05"]
[TimeControl "180+1"]
[Date "2021.06.08"]
[WhiteClock "0:00:22"]
[BlackClock "0:00:14"]

1. e4 c5 2. Nf3 e6 3. d4 cxd4 4. Nxd4 a6 5. Nc3 d6 6. Bd3 Nf6 7. O-O Be7 8. Be3 Qc7 9. f4 Nc6 10. Qf3 Bd7 11. Qg3 O-O 12. Nxc6 Bxc6 13. e5 Nh5 14. Qg4 g6 15. f5 exf5 16. Rxf5 Ng7 17. Rf2 dxe5 18. Bc4 b5 19. Bb3 b4 20. Nd5 Bxd5 21. Bxd5 Rad8 22. Bb3 Bc5 23. Bxc5 Qxc5 24. Rf1 Kh8 25. Kh1 f5 26. Qc4 Qxc4 27. Bxc4 a5 28. Re2 e4 29. g4 Rd4 30. Bb3 Rfd8 31. Kg2 h5 32. gxf5 Nxf5 33. Rf4 e3 34. Rxd4 Rxd4 35. Kf3 Rh4 36. Rg2 Rh3+ 37. Ke4 Kg7 38. Be6 Kf6 39. Bxf5 gxf5+ 40. Kf4 Ke6 41. Re2 Kd5 42. Kxf5 Rf3+ 43. Kg5 Ke4 44. Kxh5 Rf2 45. Re1 Rxh2+ 46. Kg4 Rxc2 47. Kg3 Rxb2 48. Ra1 a4 49. a3 b3 50. Rc1 Rc2 51. Rh1 b2 52. Rb1 Kd3 53. Kf3 Rf2+ 54. Kg3 Kc2 55. Rxb2+ Kxb2 0-1


[Site "https://www.chess.com"]

[Event "Titled Tuesday Blitz June 8 2021"]
[White "Schmidt, Tobias"]
[Black "elcandado"]
[WhiteFideId "1271683"]
[WhiteElo "2328"]
[BlackElo "2639"]
[Result "0-1"]
[Round "05"]
[TimeControl "180+1"]
[Date "2021.06.08"]
[WhiteClock "0:00:13"]
[BlackClock "0:00:12"]

1. e4 e5 2. Nf3 Nc6 3. Bc4 Bc5 4. c3 Nf6 5. d4 exd4 6. cxd4 Bb4+ 7. Bd2 Nxe4 8. Bxb4 Nxb4 9. Bxf7+ Kxf7 10. Qb3+ Kf8 11. Qxb4+ Qe7 12. Qxe7+ Kxe7 13. O-O Re8 14. Re1 Kf8 15. Ne5 Nf6 16. Nc3 d6 17. Nd3 Bd7 18. f3 Bf5 19. Nf4 c6 20. g4 Bd7 21. g5 Ng8 22. h4 Rxe1+ 23. Rxe1 Re8 24. Rxe8+ Kxe8 25. Ne4 Ke7 26. Kf2 b6 27. Ke3 d5 28. Ng3 Kd6 29. b4 Ne7 30. Nfh5 Ng6 31. Nxg7 Nxh4 32. N7h5 Nf5+ 33. Nxf5+ Bxf5 34. a3 c5 35. Ng7 Bg6 36. f4 cxb4 37. axb4 a5 38. bxa5 bxa5 39. f5 Bf7 40. Kd2 Kc6 41. Kc3 Kb5 42. Ne6 Bxe6 43. fxe6 Kc6 44. Kb3 Kd6 45. Ka4 Kxe6 46. Kxa5 Kf5 47. Kb5 Kxg5 48. Kc5 h5 49. Kxd5 h4 50. Kc6 h3 51. d5 h2 52. d6 h1=Q+ 53. Kc7 Qc1+ 54. Kd7 Kf6 55. Kd8 Ke6 56. Ke8 Qc6+ 57. Kf8 Qxd6+ 58. Kg7 Ke5 59. Kh8 Qe7 60. Kg8 Kf6 61. Kh8 Qg7# 0-1


[Site "https://www.chess.com"]

[Event "Titled Tuesday Blitz June 8 2021"]
[White "Shahade, Gregory"]
[Black "Prydun, Andriy"]
[WhiteFideId "2009064"]
[BlackFideId "14145898"]
[WhiteElo "2703"]
[BlackElo "2028"]
[Result "1-0"]
[Round "05"]
[TimeControl "180+1"]
[Date "2021.06.08"]
[WhiteClock "0:00:41"]
[BlackClock "0:00:21"]

1. e4 d5 2. exd5 Qxd5 3. Nc3 Qd6 4. d4 Nf6 5. Nf3 c6 6. h3 Bf5 7. Nh4 Be6 8. Be2 g6 9. O-O Bg7 10. Nf3 Nbd7 11. Bg5 O-O 12. Qd2 Rfd8 13. Rad1 Qb4 14. Qc1 Rac8 15. a3 Qb6 16. Rfe1 c5 17. d5 Bf5 18. g4 Be4 19. Nxe4 Nxe4 20. Bxe7 Re8 21. d6 Bxb2 22. Qf4 Nc3 23. Bc4 Rf8 24. Rd3 Qc6 25. Bxf8 Rxf8 26. Re8 Nf6 27. Rxf8+ Kxf8 28. Re3 Ncd5 29. Qh6+ Kg8 30. Bxd5 Nxd5 31. Ng5 Bg7 32. Qxh7+ Kf8 33. Rf3 Qe8 34. Rxf7+ Qxf7 35. Nxf7 Kxf7 36. d7 1-0


[Site "https://www.chess.com"]

[Event "Titled Tuesday Blitz June 8 2021"]
[White "Sirosh, Ilja"]
[Black "Rustemov, Alexander"]
[WhiteFideId "4500458"]
[BlackFideId "4119002"]
[WhiteElo "2241"]
[BlackElo "2707"]
[Result "1-0"]
[Round "05"]
[TimeControl "180+1"]
[Date "2021.06.08"]
[WhiteClock "0:00:32"]
[BlackClock "0:00:05"]

1. e4 e6 2. d4 d5 3. exd5 exd5 4. Nf3 Bf5 5. c4 Bxb1 6. Qa4+ Qd7 7. Qxd7+ Nxd7 8. Rxb1 Ngf6 9. c5 Be7 10. Bf4 c6 11. b4 a6 12. a4 O-O 13. Bd3 Rfe8 14. O-O Nf8 15. b5 axb5 16. axb5 Ne6 17. Be5 Nd7 18. bxc6 bxc6 19. Rb4 Ra3 20. Bf5 Ndf8 21. Rfb1 g6 22. Bc2 Nd7 23. Ba4 Rc8 24. h3 Bf6 25. Bxf6 Nxf6 26. Ne5 Nd8 27. Rb8 Rxb8 28. Rxb8 Rxa4 29. Rxd8+ Kg7 30. Nxc6 Ra1+ 31. Kh2 Rc1 32. Ne5 Rc2 33. c6 h5 34. Rd7 Ne4 35. Rxf7+ Kh6 36. c7 Nd6 37. Rd7 Nf5 38. Nf7+ Kg7 39. Ng5+ Kf6 40. f4 Nh6 41. Kg1 Kf5 42. Rxd5+ Kxf4 43. Rc5 1-0


[Site "https://www.chess.com"]

[Event "Titled Tuesday Blitz June 8 2021"]
[White "Siva Mahadevan"]
[Black "Herrera Reyes, Jose Antonio"]
[WhiteFideId "25043153"]
[BlackFideId "2274914"]
[WhiteElo "2203"]
[BlackElo "2370"]
[Result "1-0"]
[Round "05"]
[TimeControl "180+1"]
[Date "2021.06.08"]
[WhiteClock "0:00:48"]
[BlackClock "0:00:14"]

1. e4 c5 2. Nf3 e6 3. d4 cxd4 4. Nxd4 a6 5. Nc3 Qc7 6. Bd3 b5 7. O-O Bb7 8. Re1 d6 9. a4 b4 10. Na2 Nf6 11. Nxb4 d5 12. e5 Bxb4 13. c3 Be7 14. exf6 gxf6 15. Rxe6 fxe6 16. Nxe6 Qe5 17. Bf5 Rg8 18. Qh5+ Kd7 19. Bf4 Rg5 20. Qxg5 fxg5 21. Bxe5 Nc6 22. Bg3 Bc8 23. Nc7+ Kd8 24. Nxa8 Bxf5 25. Rd1 Be6 26. Nc7 Bg4 27. f3 Kc8 28. fxg4 1-0


[Site "https://www.chess.com"]

[Event "Titled Tuesday Blitz June 8 2021"]
[White "Solon, Nathan"]
[Black "Nguyen, Anh Khoi"]
[WhiteFideId "2017229"]
[BlackFideId "12404675"]
[WhiteElo "2626"]
[BlackElo "2296"]
[Result "0-1"]
[Round "05"]
[TimeControl "180+1"]
[Date "2021.06.08"]
[WhiteClock "0:00:17"]
[BlackClock "0:00:30"]

1. d4 Nf6 2. c4 e6 3. g3 c5 4. d5 exd5 5. cxd5 d6 6. Bg2 g6 7. Nc3 Bg7 8. Nf3 O-O 9. O-O Re8 10. Bf4 Na6 11. h3 Nc7 12. a4 Nh5 13. Bg5 f6 14. Bd2 f5 15. Qb3 Nf6 16. Rad1 Qe7 17. Rfe1 h6 18. Nh4 g5 19. Nf3 Qf7 20. Bc1 b6 21. h4 g4 22. Nd2 f4 23. Nc4 fxg3 24. fxg3 Qe7 25. Bf4 Rd8 26. e4 Nh5 27. e5 Nxf4 28. exd6 Qf7 29. dxc7 Rf8 30. gxf4 Qxf4 31. Ne4 Ba6 32. d6 Rae8 33. d7 Rxe4 34. Bxe4 Qf2+ 35. Kh1 Qxh4+ 36. Kg2 Rf2+ 0-1


[Site "https://www.chess.com"]

[Event "Titled Tuesday Blitz June 8 2021"]
[White "Spata, German"]
[Black "Krivonosov, Oleg"]
[WhiteFideId "113026"]
[BlackFideId "11600349"]
[WhiteElo "2238"]
[BlackElo "2469"]
[Result "1/2-1/2"]
[Round "05"]
[TimeControl "180+1"]
[Date "2021.06.08"]
[WhiteClock "0:00:36"]
[BlackClock "0:01:06"]

1. d4 d5 2. c4 e6 3. Nf3 Nf6 4. Bg5 Be7 5. e3 h6 6. Bh4 O-O 7. Nc3 Ne4 8. Bxe7 Qxe7 9. Qc2 Nxc3 10. Qxc3 dxc4 11. Bxc4 b6 12. O-O Bb7 13. Be2 Rc8 14. Rac1 c5 15. Qa3 Nd7 16. Ba6 Bxa6 17. Qxa6 e5 18. dxe5 Nxe5 19. Nxe5 Qxe5 20. b4 Rc7 21. bxc5 Rxc5 22. Rxc5 Qxc5 23. h3 Qc8 24. Qb5 Qe8 25. Qa6 Qd7 26. Rc1 Rd8 27. a4 g6 28. Qc4 h5 29. h4 Qd5 30. Qc7 Qd7 31. Qc4 Qd2 32. g3 Qd5 33. Qc7 Qd7 34. Qc4 Qd5 35. Qc7 Qd7 36. Qc4 Qd5 1/2-1/2


[Site "https://www.chess.com"]

[Event "Titled Tuesday Blitz June 8 2021"]
[White "Stark, Lars"]
[Black "Priasmoro, Novendra"]
[WhiteFideId "4676386"]
[BlackFideId "7105029"]
[WhiteElo "2474"]
[BlackElo "2309"]
[Result "0-1"]
[Round "05"]
[TimeControl "180+1"]
[Date "2021.06.08"]
[WhiteClock "0:02:25"]
[BlackClock "0:01:26"]

1. c4 Nf6 2. g3 g6 3. Bg2 Bg7 4. Nc3 O-O 5. e4 d6 6. Nge2 c5 7. O-O Nc6 8. a3 a6 9. Rb1 Rb8 10. b4 cxb4 11. axb4 b5 12. cxb5 axb5 13. d4 Bd7 14. h3 Qc8 15. Kh2 Nxd4 16. Qxd4 Ng4+ 17. hxg4 Bxd4 18. Nxd4 Qxc3 19. Be3 Qc8 20. Rfc1 Qd8 21. Ra1 e5 22. Nc6 Bxc6 23. Rxc6 Qd7 24. Rca6 Qxg4 25. Rxd6 Rfd8 26. Rf6 Kg7 27. Rfa6 Rd1 28. R1a2 Qh5+ 29. Bh3 Rbd8 30. Kg2 Rh1 0-1


[Site "https://www.chess.com"]